 Dungeon Crawl Stone Soup version 0.22-a0-447-gee5f7238b3 (webtiles) character file.

93002 Oravi the Spry (level 16, -2/132 HPs)
             Began as a Merfolk Transmuter on June 1, 2018.
             Was a High Priest of Ashenzari.
             Slain by an entropy weaver (17 damage)
             ... on level 4 of the Lair of Beasts on June 3, 2018.
             The game lasted 02:12:01 (26984 turns).

Oravi the Spry (Merfolk Transmuter)                Turns: 26984, Time: 02:12:02

Health: -2/132     AC: -6    Str: 14    XL:     16   Next: 7%
Magic:  9/28       EV: 24    Int: 24    God:    Ashenzari [*****.]
Gold:   1158       SH:  3    Dex: 16    Spells: 5/32 levels left

rFire    . . .     SeeInvis +     - Unarmed
rCold    + . .     Gourm    .   (shield currently unavailable)
rNeg     . . .     Faith    .   H - +0 troll leather armour
rPois    +         Spirit   .   (no helmet)
rElec    .         Reflect  +   G - +0 cloak
rCorr    .         Harm     .   (gloves currently unavailable)
MR       +....     Clarity  +   x - +0 pair of boots
Stlth    +.........             C - +3 amulet of reflection (curse)
HPRegen  0.72/turn              c - ring "Lekhle" {rC+ Str+4} (curse)
MPRegen  0.21/turn              R - ring "Areuthreff" {rPois Int+6} (curse)

@: blade hands, corroded
A: change form in water, swift swim, stealthy swim
a: End Transformation, Curse Item, Scrying, Transfer Knowledge, Renounce
Religion


You were on level 4 of the Lair of Beasts.
You worshipped Ashenzari.
Ashenzari was extremely pleased with you.
You were hungry.
You had blades for hands.
You visited 3 branches of the dungeon, and saw 20 of its levels.
You also visited: Sewer.

You collected 1515 gold pieces.
You spent 357 gold pieces at shops.

Inventory:

Missiles
 a - 366 arrows
Armour
 b - a +1 robe
 g - a +2 robe of fire resistance
 x - a +0 pair of boots (worn)
 G - a +0 cloak (worn)
 H - a +0 troll leather armour (worn)
Magical Staves
 L - an uncursed staff of fire
 Q - an uncursed staff of conjuration
Jewellery
 c - the cursed ring "Lekhle" (left scythe-like blade) {rC+ Str+4}
   (You took it off a frost giant on level 14 of the Dungeon)

   [ring of protection from cold]

   It affects your strength (+4).
   It protects you from cold.
   It has a curse placed upon it.
 r - a +2 ring of intelligence
 t - an uncursed ring of fire
 u - an uncursed ring of flight
 C - a cursed +3 amulet of reflection (around neck)
 D - an uncursed amulet of rage
 R - the cursed ring "Areuthreff" (right scythe-like blade) {rPois Int+6}
   (You found it on level 10 of the Dungeon)

   [ring of poison resistance]

   It affects your intelligence (+6).
   It protects you from poison.
   It has a curse placed upon it.
 S - an uncursed ring of wizardry
 Y - an uncursed amulet of the acrobat
 Z - an uncursed ring of magical power
Wands
 e - a wand of iceblast (19)
 l - a wand of paralysis (54)
 q - a wand of clouds (8)
 s - a wand of polymorph (36)
 y - a wand of acid (10)
 I - a wand of flame (46)
 P - a wand of disintegration (32)
 U - a wand of enslavement (15)
 W - a wand of random effects (12)
Scrolls
 f - 2 scrolls of amnesia
 i - 3 scrolls of fear
 j - a scroll of vulnerability {unknown}
 n - 3 scrolls of fog
 p - 2 scrolls of teleportation
 w - 10 scrolls of remove curse
 E - 5 scrolls of magic mapping
 F - a scroll of acquirement {unknown}
 N - 8 scrolls of identify
 X - 2 scrolls of blinking
Potions
 h - 4 potions of haste
 k - 7 potions of curing
 m - a potion of invisibility
 o - 4 potions of agility
 v - 3 potions of resistance
 z - 3 potions of cancellation
 A - 2 potions of brilliance
 B - a potion of ambrosia
 K - 2 potions of flight
 M - a potion of mutation
 O - a potion of magic
 T - a potion of might
Miscellaneous
 J - a fan of gales
Comestibles
 d - 31 rations


   Skills:
 + Level 13.8 Fighting
 + Level 16.2 Dodging
 - Level 14.0 Unarmed Combat
 + Level 8.8 Spellcasting
 - Level 5.9(10.0) Charms
 + Level 4.9(8.9) Necromancy
 - Level 2.6(5.9) Translocations
 - Level 9.9(13.7) Transmutations
 - Level 7.0(11.0) Earth Magic
 - Level 5.9(10.0) Poison Magic


You had 5 spell levels left.
You knew the following spells:

 Your Spells              Type           Power        Failure   Level  Hunger
a - Spider Form           Tmut/Pois      ######....   9%          3    None
b - Sticks to Snakes      Tmut           ######..     5%          2    None
c - Ice Form              Ice/Tmut       #####...     30%         4    ##.....
d - Blade Hands           Tmut           ######....   13%         5    ####...
e - Petrify               Tmut/Erth      ######..     12%         4    ##.....
f - Blink                 Tloc           N/A          16%         2    None
g - Regeneration          Chrm/Necr      ######....   12%         3    None
h - Olgreb's Toxic Radia  Pois           ######..     17%         4    ##.....

Your spell library contained the following spells:

 Spells                   Type           Power        Failure   Level  Hunger
 Cause Fear               Hex            ##........   88%         4    ##.....
 Magic Dart               Conj           ##..         36%         1    None
 Apportation              Tloc           #####.       13%         1    None
 Conjure Flame            Conj/Fire      ##......     61%         3    None
 Bolt of Magma            Conj/Fire/Erth ####......   78%         5    ####...
 Slow                     Hex            ##......     43%         2    None
 Confuse                  Hex            ##......     61%         3    None
 Invisibility             Hex            ##......     100%        6    ######.
 Mephitic Cloud           Conj/Pois/Air  ####....     32%         3    None
 Venom Bolt               Conj/Pois      #####.....   67%         5    ####...
 Animate Dead             Necr           N/A          21%         4    ##.....
 Pain                     Necr           ####         9%          1    None
 Animate Skeleton         Necr           N/A          9%          1    None
 Vampiric Draining        Necr           ######....   12%         3    None
 Call Imp                 Summ           ##......     43%         2    None
 Sting                    Conj/Pois      ####         14%         1    None
 Tukima's Dance           Hex            ##......     61%         3    None
 Iron Shot                Conj/Erth      #####.....   96%         6    ######.
 Deflect Missiles         Chrm/Air       #####.....   98%         6    ######.
 Confusing Touch          Hex            ##....       36%         1    None
 Metabolic Englaciation   Hex/Ice        ##........   99%         5    ####...
 Summon Butterflies       Summ           ##......     36%         1    None
 Silence                  Hex/Air        ##........   99%         5    ####...
 Alistair's Intoxication  Tmut/Pois      ######..     19%         5    ####...
 Orb of Destruction       Conj           ##........   100%        7    #######
 Beastly Appendage        Tmut           ######       4%          1    None
 Iskenderun's Battlesphe  Conj/Chrm      #####...     67%         5    ####...
 Discord                  Hex            ##........   100%        8    #######
 Spellforged Servitor     Conj/Summ      ##........   100%        7    #######
 Gell's Gravitas          Tloc           #####.....   21%         3    None
 Yara's Violent Unravell  Hex/Tmut       #####.....   47%         5    ####...
 Lesser Beckoning         Tloc           #####.....   21%         3    None
 Poisonous Vapours        Pois/Air       #####.       17%         2    None


Dungeon Overview and Level Annotations

Branches:
Dungeon (14/15)            Temple (1/1) D:6            Lair (5/6) D:8
 Shoals (0/4) Lair:3       Spider (0/4) Lair:4          Orc (0/2) D:11
 Vaults (0/5) D:13
  Slime: Lair:5-6

Altars:
Ashenzari
Cheibriados
Dithmenos
Elyvilon
Fedhas
Gozag
Hepliaklqana
Kikubaaqudgha
Makhleb
Nemelex Xobeh
Okawaru
Qazlal
Ru
Sif Muna
Trog
Uskayaw
Vehumet
Wu Jian
Xom
Yredelemnul
Zin
The Shining One

Shops:
D:5 (**[*   D:6 *   D:8 !

Annotations:
D:10 exclusion: oklob plant
Lair:4 exclusion: 2 oklob plants


Message History

The entropy weaver is almost dead.
The entropy weaver barely misses you. The entropy weaver hits you.
* * * LOW HITPOINT WARNING * * *
The entropy weaver hits you.
* * * LOW HITPOINT WARNING * * *
The entropy weaver hits you!
* * * LOW HITPOINT WARNING * * *
You feel better.
The entropy weaver completely misses you.
The entropy weaver hits you!
* * * LOW HITPOINT WARNING * * *
You block the entropy weaver's attack. The entropy weaver misses you.
You hit the entropy weaver but do no damage.
The entropy weaver is almost dead.
The entropy weaver mumbles some strange words.
The entropic weave corrodes you!
You hit the entropy weaver but do no damage.
The entropy weaver is almost dead.
The entropy weaver closely misses you. The entropy weaver hits you!
You die...

.P.#......#.#..............PP....
....#.#...#................##P.##
...######..#.............###P..#
...# ##.........).).P## ###.##
.#### #.............### #...#
....## ##............# ##..#
.....# #...#.P##.#.#########...
....## #.......#####P.#P#......
....# ##...#..@................
...## #.....#.a#...............
...# #..#####...............#.
..## ##..## #......<......<###
..# ###....####..............# #
.## #.#....##................# ##
##.#.....##.............### #
#.......###.#..........## #
#P.......######P......##


You could see an entropy weaver.

Vanquished Creatures
  A tengu reaver (D:14)
  A frost giant (D:14)
  The ghost of htuhola the Devastator, a journeyman DEFE of Vehumet (D:13)
  5 vault guards (D:13)
  The ghost of Dickchan the Protected, a journeyman GnWn of Makhleb (D:10)
  4 hydras
  2 ogre magi (D:14)
  A centaur warrior (D:13)
  2 tengu warriors (D:14)
  2 catoblepae
  12 two-headed ogres
  10 death yaks
  A deep troll earth mage (D:14)
  5 unseen horrors
  5 skeletal warriors (D:12)
  3 wizards
  4 lindwurms
  A phantasmal warrior (D:14)
  2 deep elf magi
  An oklob plant (Lair:2)
  A salamander (shapeshifter) (D:14)
  8 ugly things
  7 slime creatures
  3 cyclopes
  2 manticores
  A manticore (shapeshifter) (D:14)
  15 elephants
  2 black mambas
  Maurice (D:8)
  Psyche (D:9)
  2 gargoyles
  6 spiny frogs
  A torpor snail (Lair:2)
  2 efreet (D:14)
  2 yaktaurs (D:13)
  8 komodo dragons
  A rime drake (Lair:3)
  A polar bear (Lair:2)
  2 hornets (Lair:3)
  2 merfolk (Lair:3)
  6 trolls
  A meliai (D:14)
  4 tyrant leeches
  Prince Ribbit (D:6)
  Grinder (D:4)
  6 hippogriffs
  2 dream sheep (D:12)
  6 blink frogs (Lair:4)
  Sigmund (D:5)
  50 yaks
  A shadow (D:9)
  5 wraiths
  8 spriggans (Lair:2)
  3 wyverns
  A steam dragon (shapeshifter) (D:14)
  2 hungry ghosts (D:12)
  6 basilisks
  Eustachio (D:4)
  Edmund (D:4)
  3 soldier ants
  3 wargs (D:8)
  3 acid dragons
  10 water moccasins
  2 hell hounds (D:12)
  Duvessa (D:6)
  14 porcupines
  14 orc warriors
  4 black bears
  An eye of draining (D:14)
  7 sky beasts
  6 phantoms
  A hornet zombie (D:5)
  An ice beast (D:14)
  16 ogres
  A wolf (D:12)
  8 centaurs
  9 big kobolds
  8 crocodiles
  Blork the orc (D:6)
  16 bullfrogs
  Dowan (D:6)
  5 scorpions
  7 killer bees
  2 howler monkeys (D:6)
  7 wights
  A bullfrog zombie (D:9)
  7 crimson imps
  2 centaur zombies
  A quasit (D:6)
  9 hounds
  6 jellies
  15 orc wizards
  10 orc priests
  6 centaur skeletons
  Ijyb (D:4)
  2 hell rats (D:12)
  3 iguanas
  18 worker ants
  A hound zombie (D:7)
  A hound skeleton (D:8)
  A worker ant zombie (D:5)
  6 gnolls
  13 adders
  4 river rats (D:12)
  7 shadow imps
  9 oozes
  2 adder skeletons
  9 worms
  A dart slug (D:1)
  7 leopard geckos
  56 orcs
  6 bats
  18 giant cockroaches
  5 goblins
  8 hobgoblins
  21 jackals
  18 kobolds
  3 quokkas
  4 ball pythons
  12 frilled lizards
  A leopard gecko skeleton (D:4)
  A quokka skeleton (D:5)
  13 rats
697 creatures vanquished.

Vanquished Creatures (collateral kills)
  Snorg (Lair:5)
  A merfolk siren (Lair:3)
  A komodo dragon (D:10)
  A merfolk (Lair:3)
  A wyvern (Lair:3)
  A yak (D:14)
  A big kobold (D:12)
  An orc priest (D:8)
  A jelly (D:14)
  A giant cockroach (D:4)
10 creatures vanquished.

Vanquished Creatures (others)
  An unseen horror (D:13)
  An ice beast (D:9)
  An ogre (D:14)
  A hound (D:9)
  3 orcs (D:9)
  2 plants
9 creatures vanquished.

Grand Total: 716 creatures vanquished

Notes
Turn   | Place    | Note
-------+----------+-------------------------------------------
     0 | D:1      | Oravi the Merfolk Transmuter began the quest for the Orb.
     0 | D:1      | Reached XP level 1. HP: 15/15 MP: 3/3
    13 | D:1      | Reached XP level 2. HP: 9/21 MP: 3/5
   476 | D:1      | Reached XP level 3. HP: 26/26 MP: 4/6
   491 | D:1      | Learned a level 2 spell: Sticks to Snakes
   495 | D:1      | Learned a level 3 spell: Spider Form
   941 | D:2      | Reached skill level 1 in Poison Magic
  1069 | D:2      | Reached skill level 5 in Transmutations
  1358 | D:2      | Reached XP level 4. HP: 26/32 MP: 5/7
  2127 | D:3      | Reached XP level 5. HP: 30/37 MP: 1/8
  2931 | D:4      | Reached skill level 3 in Dodging
  2971 | D:4      | Found a glowing drain.
  2991 | Sewer    | Entered a sewer
  3051 | Sewer    | Reached XP level 6. HP: 35/43 MP: 9/9
  3312 | D:4      | Noticed Ijyb
  3361 | D:4      | Killed Ijyb
  3445 | D:4      | Noticed Edmund
  3466 | D:4      | Killed Edmund
  3466 | D:4      | Reached skill level 4 in Dodging
  3466 | D:4      | Reached skill level 5 in Unarmed Combat
  3466 | D:4      | Reached XP level 7. HP: 46/51 MP: 8/10
  3539 | D:4      | Noticed Eustachio
  3819 | D:4      | Killed Eustachio
  4030 | D:4      | Noticed Grinder
  4046 | D:4      | Killed Grinder
  4046 | D:4      | Reached skill level 5 in Dodging
  4046 | D:4      | Reached XP level 8. HP: 30/60 MP: 4/11
  4624 | D:5      | Entered Level 5 of the Dungeon
  4702 | D:5      | Found Giry's Assorted Antiques.
  4731 | D:5      | Bought a scroll labeled POYNAFO DEPP for 19 gold pieces
  4731 | D:5      | Bought a scroll labeled JEATRE OFUUSO for 19 gold pieces
  4731 | D:5      | Bought 2 green potions for 34 gold pieces
  4792 | D:5      | Found Bapnadem's Weapon Boutique.
  4839 | D:5      | Found Xeurak's Assorted Antiques.
  4841 | D:5      | Found Xiod's Assorted Antiques.
  4841 | D:5      | Noticed Sigmund
  4863 | D:5      | Killed Sigmund
  4868 | D:5      | Reached skill level 6 in Dodging
  4891 | D:5      | Bought a glowing dark potion for 23 gold pieces
  4891 | D:5      | Bought a scroll labeled ZUBOCHESMI for 26 gold pieces
  4891 | D:5      | Bought a scroll labeled IXEQOY GIAW for 26 gold pieces
  4891 | D:5      | Bought a sedimented yellow potion for 23 gold pieces
  4891 | D:5      | Bought a scroll labeled RERONE JI QUKK for 26 gold pieces
  4891 | D:5      | Bought a grey potion for 23 gold pieces
  4901 | D:5      | Bought a green potion for 23 gold pieces
  4901 | D:5      | Bought a scroll labeled RERONE JI QUKK for 26 gold pieces
  5025 | D:5      | Found Kutig's Antique Armour Shop.
  5194 | D:5      | Reached skill level 5 in Fighting
  5248 | D:5      | Reached XP level 9. HP: 51/68 MP: 9/12
  5252 | D:5      | Reached skill level 7 in Dodging
  5423 | D:6      | Noticed Prince Ribbit
  5579 | D:6      | Killed Prince Ribbit
  5760 | D:6      | Noticed Blork the orc
  5765 | D:6      | Found a staircase to the Ecumenical Temple.
  5771 | D:6      | Killed Blork the orc
  5780 | Temple   | Entered the Ecumenical Temple
  5800 | Temple   | Became a worshipper of Ashenzari the Shackled
  6488 | D:6      | Found Xidegaem's Assorted Antiques.
  6554 | D:6      | Reached skill level 8 in Dodging
  6591 | D:6      | Bought a yellow potion for 27 gold pieces
  6591 | D:6      | Bought a scroll labeled KUSTRENNIXIE for 31 gold pieces
  6591 | D:6      | Bought a scroll labeled RERONE JI QUKK for 31 gold pieces
  6656 | D:6      | Noticed Duvessa
  6656 | D:6      | Noticed Dowan
  6668 | D:6      | Killed Duvessa
  6668 | D:6      | Killed Dowan
  7155 | D:7      | Reached skill level 10 in Unarmed Combat
  7311 | D:7      | Reached * piety under Ashenzari
  7630 | D:7      | Reached XP level 10. HP: 69/79 MP: 10/13
  8014 | D:8      | Reached skill level 9 in Dodging
  8485 | D:8      | Noticed a cyclops
  8492 | D:8      | Killed a cyclops
  8501 | D:8      | Learned a level 4 spell: Ice Form
  8641 | D:8      | Learned a level 5 spell: Blade Hands
  8723 | D:8      | Noticed Maurice
  8746 | D:8      | Killed Maurice
  8964 | D:8      | Found a staircase to the Lair.
  9073 | D:8      | Killed an unseen horror
  9073 | D:8      | Reached XP level 11. HP: 42/84 MP: 14/17
  9340 | D:8      | Upgraded the game from 0.22-a0-443-g17c3723931 to 0.22-a0-445-g8c8ef71062
  9587 | D:8      | Found Jeingi's Distillery.
 10033 | D:9      | Noticed Psyche
 10049 | D:9      | Killed Psyche
 10089 | D:9      | Reached skill level 10 in Dodging
 10487 | D:9      | Found a radiant altar of Vehumet.
 11144 | D:10     | Entered Level 10 of the Dungeon
 11380 | D:10     | Noticed a two-headed ogre
 11387 | D:10     | Killed a two-headed ogre
 11400 | D:10     | Found a sacrificial altar of Ru.
 11400 | D:10     | Noticed an oklob plant
 11566 | D:10     | Reached skill level 11 in Dodging
 11775 | D:10     | Noticed Dickchan's ghost (journeyman GnWn)
 11781 | D:10     | Identified the ring "Areuthreff" {rPois Int+6}
 11798 | D:10     | Killed Dickchan's ghost
 12445 | D:11     | Noticed a cyan ugly thing
 12452 | D:11     | Killed a cyan ugly thing
 12732 | D:11     | Found a staircase to the Orcish Mines.
 12761 | D:11     | Reached XP level 12. HP: 75/97 MP: 18/18
 13164 | D:11     | Reached ** piety under Ashenzari
 13193 | D:11     | Reached skill level 10 in Fighting
 13805 | D:11     | Reached skill level 12 in Dodging
 14542 | D:12     | Reached skill level 13 in Dodging
 14569 | D:12     | Noticed a two-headed hydra
 14579 | D:12     | Killed a two-headed hydra
 14886 | D:12     | Reached XP level 13. HP: 47/106 MP: 16/19
 15186 | D:12     | Reached skill level 14 in Dodging
 15736 | D:12     | Learned a level 4 spell: Petrify
 15773 | D:13     | Reached skill level 1 in Earth Magic
 15823 | D:13     | Noticed htuhola's ghost (journeyman DEFE)
 15839 | D:13     | Killed htuhola's ghost
 16680 | D:13     | Noticed a vault guard
 16694 | D:13     | Killed a vault guard
 16694 | D:13     | Reached skill level 15 in Dodging
 16731 | D:13     | Noticed a vault guard
 16741 | D:13     | Killed a vault guard
 16819 | D:13     | Noticed a vault guard
 16836 | D:13     | Killed a vault guard
 17104 | D:13     | Found a gate to the Vaults.
 17104 | D:13     | Noticed a vault guard
 17104 | D:13     | Noticed a vault guard
 17139 | D:13     | Killed a vault guard
 17139 | D:13     | Reached XP level 14. HP: 53/118 MP: 14/20
 17559 | D:14     | Identified the cursed ring "Yzaome" {*Contam EV-3 Str+5}
 17927 | D:14     | Reached skill level 5 in Earth Magic
 18092 | D:14     | Learned a level 2 spell: Blink
 18416 | D:14     | Reached skill level 1 in Translocations
 18751 | D:14     | Reached skill level 5 in Spellcasting
 18973 | D:14     | Reached *** piety under Ashenzari
 19644 | D:14     | Noticed a tengu reaver
 19654 | D:14     | Noticed a frost giant
 19670 | D:14     | Killed a tengu reaver
 20052 | D:14     | HP: 1/118 [frost giant/bolt of cold (38)]
 20202 | D:14     | Learned a level 3 spell: Regeneration
 20329 | D:14     | Killed a frost giant
 20329 | D:14     | Identified the ring "Lekhle" {rC+ Str+4} (You took it off a frost giant on level 14 of the Dungeon)
 20329 | D:14     | Reached skill level 1 in Charms
 20329 | D:14     | Reached XP level 15. HP: 112/124 MP: 21/25
 20431 | D:14     | Reached skill level 1 in Necromancy
 20827 | D:9      | Upgraded the game from 0.22-a0-445-g8c8ef71062 to 0.22-a0-447-gee5f7238b3
 20907 | Lair:1   | Entered Level 1 of the Lair of Beasts
 21021 | Lair:1   | Found a labyrinth entrance.
 22059 | Lair:2   | Learned a level 4 spell: Olgreb's Toxic Radiance
 23037 | Lair:3   | Reached **** piety under Ashenzari
 23061 | Lair:3   | Found a staircase to the Shoals.
 24817 | Lair:4   | Found a hole to the Spider Nest.
 24921 | Lair:4   | Reached skill level 5 in Charms
 25132 | Lair:4   | Reached skill level 5 in Poison Magic
 26027 | Lair:5   | Reached skill level 16 in Dodging
 26052 | Lair:5   | Reached ***** piety under Ashenzari
 26365 | Lair:5   | Reached XP level 16. HP: 104/132 MP: 15/28
 26522 | Lair:5   | Noticed Snorg
 26545 | Lair:5   | Killed Snorg
 26711 | Lair:5   | HP: 6/132 [entropy weaver (8)]
 26984 | Lair:4   | Slain by an entropy weaver

Vault maps used:
D:1:      roderic_octagonal_star
D:4:      cheibrodos_sewer_entry_drain, serial_co_window_serial,
          co_window_corner_a, co_window_corner_a, co_window_paths_b,
          co_window_paths_b, co_window_of_opportunity_a, co_window_corner_ca,
          co_window_cross_4, co_window_broadway_a, co_window_unsneaky_path_d,
          co_window_4corner_a, glass_columns_b, st_stairs_13, uniq_ijyb,
          uniq_grinder, uniq_edmund, uniq_eustachio
D:5:      first_ration, serial_shops, nicolae_shop_overgrown_old_shop, shop,
          shop, kennysheep_mini, nicolae_shop_crystal, nzn_random_ring,
          uniq_sigmund
D:6:      lemuel_temple_firewalk_a, serial_shops, shop, uniq_prince_ribbit1,
          uniq_blork_the_orc, uniq_duvessa
D:7:      black_bear_nest_1
D:8:      hangedman_cross_veins, erik_lair_orcish_takeover, serial_shops, shop,
          kennysheep_cluttered_room, uniq_maurice
D:9:      fiery_altar_vehumet, uniq_psyche
D:10:     lemuel_oklob_altar
D:11:     kennysheep_orc_monster_closet_entryway
D:12:     hangedman_ranch, hangedman_parallel_progression
D:13:     grunt_vaults_entry_fortified
D:14:     kennysheep_snake
Temple:   nicolae_temple_the_god_donut
Lair:1:   lab_entry_generic
Lair:2:   kb_forest_paths, serial_bayou_shore_b
Lair:3:   cheibrodos_lair_overgrown_chateau, elwin_shoals_entry_stream
Lair:4:   spider_nest_entry_web_field, patterned_corridor,
          minmay_lair_oklob_chamber
Lair:5:   minmay_another_anthill, uniq_snorg
Sewer:    sewer_frog_island_01

Skill      XL: |  1  2  3  4  5  6  7  8  9 10 11 12 13 14 15 |
---------------+----------------------------------------------+-----
Transmutations | 3 4 5 6 9 |  9.9
Poison Magic   | 1 2 3 5 |  5.9
Dodging        | 3 4 5 6 8 9 11 13 15 16 | 16.2
Fighting       | 2 3 5 7 9 11 13 | 13.8
Unarmed Combat | 5 6 8 10 12 13 14 | 14.0
Spellcasting   | 4 6 8 |  8.8
Earth Magic    | 4 7 |  7.0
Translocations | 2 |  2.6
Charms         | 1 5 |  5.9
Necromancy     | 4 |  4.9

Action                   |  1- 3 |  4- 6 |  7- 9 | 10-12 | 13-15 | 16-18 || total
-------------------------+-------+-------+-------+-------+-------+-------++-------
Melee: Unarmed           |    93 |   211 |   318 |   799 |  1108 |    60 ||  2589
       Headbutt          |    11 |     3 |       |       |       |       ||    14
       Tailslap          |       |     1 |       |       |     6 |       ||     7
       Punch             |       |       |       |     5 |    14 |     1 ||    20
 Cast: Beastly Appendage |    14 |     6 |     1 |     1 |       |       ||    22
       Spider Form       |     3 |    26 |    42 |    62 |    74 |     3 ||   210
       Sticks to Snakes  |       |       |     6 |     8 |    22 |     3 ||    39
       Blade Hands       |       |       |       |     9 |    46 |     1 ||    56
       Ice Form          |       |       |       |     1 |     2 |       ||     3
       Petrify           |       |       |       |       |     8 |     4 ||    12
       Blink             |       |       |       |       |     2 |       ||     2
       Olgreb's Toxic Ra |       |       |       |       |    52 |     4 ||    56
       Regeneration      |       |       |       |       |     1 |       ||     1
Invok: Curse Item        |       |       |       |     3 |     1 |       ||     4
 Abil: End Transformatio |       |       |       |     8 |    23 |       ||    31
Evoke: Wand              |       |       |       |       |     4 |       ||     4
  Use: Scroll            |       |     2 |     7 |    13 |     9 |     2 ||    33
       Potion            |       |       |     1 |       |     4 |     1 ||     6
 Stab: Sleeping          |       |     2 |     3 |     1 |     2 |       ||     8
       Distracted        |       |       |       |     1 |       |     1 ||     2
       Paralysed         |       |       |       |       |     2 |       ||     2
  Eat: Chunk             |     2 |    10 |    16 |    30 |    50 |     2 ||   110
       Ration            |       |       |     1 |       |     2 |       ||     3
Armor: Robe              |    15 |       |       |       |       |       ||    15
       Skin              |       |     8 |    12 |     6 |     8 |     4 ||    38
       Troll leather arm |       |       |       |     9 |    28 |       ||    37
Dodge: Dodged            |    73 |   151 |   317 |   614 |   960 |    96 ||  2211
Block: Other             |       |       |    15 |    78 |   108 |     8 ||   209
       Reflection        |       |       |       |     1 |     3 |       ||     4

Table legend:
 A = Spawn XP
 B = Non-spawn XP
 C = Spawn XP percentage of total XP
 D = Spawn monster count
 E = Non-spawn monster count
 F = Spawn count percentage of total count
 G = Total turns spent on level
                    A         B        C        D         E        F      G
               +---------+---------+-------+---------+---------+-------+---------
         Total |       0 |  132860 |   0.0 |       0 |     708 |   0.0 | 26984
               +---------+---------+-------+---------+---------+-------+---------
           D:1 |       0 |      51 |   0.0 |       0 |      18 |   0.0 |   903
           D:2 |       0 |      43 |   0.0 |       0 |      14 |   0.0 |  1071
           D:3 |       0 |     170 |   0.0 |       0 |      31 |   0.0 |  1045
           D:4 |       0 |     860 |   0.0 |       0 |      20 |   0.0 |  1308
           D:5 |       0 |    1247 |   0.0 |       0 |      31 |   0.0 |   904
           D:6 |       0 |    1428 |   0.0 |       0 |      30 |   0.0 |   911
           D:7 |       0 |     981 |   0.0 |       0 |      30 |   0.0 |   804
           D:8 |       0 |    4873 |   0.0 |       0 |      49 |   0.0 |  2224
           D:9 |       0 |    2122 |   0.0 |       0 |      21 |   0.0 |  1227
          D:10 |       0 |    5456 |   0.0 |       0 |      25 |   0.0 |  1301
          D:11 |       0 |    4018 |   0.0 |       0 |      40 |   0.0 |  1719
          D:12 |       0 |   17053 |   0.0 |       0 |     115 |   0.0 |  1619
          D:13 |       0 |   19829 |   0.0 |       0 |      50 |   0.0 |  1993
          D:14 |       0 |   29646 |   0.0 |       0 |      75 |   0.0 |  2906
        Lair:1 |       0 |    1527 |   0.0 |       0 |       7 |   0.0 |   625
        Lair:2 |       0 |    9453 |   0.0 |       0 |      32 |   0.0 |  1547
        Lair:3 |       0 |   10447 |   0.0 |       0 |      38 |   0.0 |  1732
        Lair:4 |       0 |   11668 |   0.0 |       0 |      32 |   0.0 |  1470
        Lair:5 |       0 |   11873 |   0.0 |       0 |      32 |   0.0 |   703
         Sewer |       0 |     115 |   0.0 |       0 |      18 |   0.0 |   297
               +---------+---------+-------+---------+---------+-------+---------
